 Dungeon Crawl Stone Soup version 0.21-a0-426-g98080a9 (webtiles) character file.

105 namelastname112 the Chiller (level 4, 0/30 HPs)
             Began as a Merfolk Ice Elementalist on Nov 6, 2017.
             Slain by Crazy Yiuf
             ... wielding a +3 quarterstaff of chaos
              (16 damage)
             ... on level 2 of the Dungeon.
             The game lasted 00:03:45 (1653 turns).

namelastname112 the Chiller (MfIE)                  Turns: 1653, Time: 00:03:46

Health: 0/30       AC:  2    Str:  8    XL:     4   Next: 81%
Magic:  5/9        EV: 13    Int: 15    God:
Gold:   101        SH:  0    Dex: 14    Spells: 0/9 levels left

rFire    . . .     SeeInvis .   p - +1 dagger (elec)
rCold    . . .     Gourm    .   (no shield)
rNeg     . . .     Faith    .   a - +0 robe
rPois    .         Spirit   .   (no helmet)
rElec    .         Reflect  .   (no cloak)
rCorr    .         Harm     .   (no gloves)
MR       .....                  (no boots)
Stlth    ++........             e - amulet of regeneration
HPRegen  0.50/turn              (no ring)
MPRegen  0.11/turn              (no ring)

@: very slightly contaminated
A: change form in water, swift swim, stealthy swim
a: no special abilities


You were on level 2 of the Dungeon.
You were not hungry.

You visited 1 branch of the dungeon, and saw 2 of its levels.

You collected 101 gold pieces.

Inventory:

Hand Weapons
 p - a +1 dagger of electrocution (weapon)
Armour
 a - a +0 robe (worn)
Jewellery
 e - an amulet of regeneration (around neck)
Scrolls
 f - a scroll of remove curse {unknown}
 g - 3 scrolls of identify {unknown}
 h - a scroll of immolation {unknown}
 i - 2 scrolls of teleportation {unknown}
 k - a scroll of enchant armour {unknown}
 m - a scroll of noise {unknown}
Potions
 d - a potion of mutation {unknown}
 j - a potion of curing {unknown}
 l - a potion of haste {unknown}
Books
 b - a book of Frost

   Spells                             Type                      Level
   a - Freeze                         Ice                          1
   b - Throw Frost                    Conjuration/Ice              2
   c - Ozocubu's Armour               Charms/Ice                   3
   d - Throw Icicle                   Conjuration/Ice              4
   e - Summon Ice Beast               Ice/Summoning                4
Comestibles
 c - a bread ration
 o - a meat ration


   Skills:
 - Level 2.6 Dodging
 - Level 2.1 Stealth
 + Level 3.4 Spellcasting
 - Level 0.7 Conjurations
 + Level 4.7 Ice Magic


You couldn't memorise any spells.
You knew the following spells:

 Your Spells              Type           Power        Failure   Level  Hunger
a - Summon Ice Beast      Ice/Summ       #.......     56%         4    ####...
b - Throw Icicle          Conj/Ice       ##......     52%         4    ####...
z - Freeze                Ice            ###.         2%          1    None


Dungeon Overview and Level Annotations

Branches:
Dungeon (2/15)

Altars:

Annotations:
D:2 Crazy Yiuf


Message History

Confirm with . or Enter, or press ? or * to list all spells.
Aiming: Freeze
Press: ? - help, Shift-Dir - straight line, f/p - Crazy Yiuf
Aim: Crazy Yiuf, wielding a quarterstaff of chaos and wearing a cloak (moderately wounded)
You freeze Crazy Yiuf.
Crazy Yiuf is heavily wounded.
Crazy Yiuf hits you with a quarterstaff of chaos!
You take 9 damage, and have 16/30 hp.
MASSIVE DAMAGE!!
You now have 6/9 mp.
Casting: Freeze
Confirm with . or Enter, or press ? or * to list all spells.
Aiming: Freeze
Press: ? - help, Shift-Dir - straight line, f/p - Crazy Yiuf
Aim: Crazy Yiuf, wielding a quarterstaff of chaos and wearing a cloak (heavily wounded)
You miscast Freeze.
You are very lightly contaminated with residual magic.
Nothing appears to happen.
Crazy Yiuf laughs, "Cod action Hive!"
Crazy Yiuf hits you with a quarterstaff of chaos!
Ouch! That really hurt!
You die...

.# #...................####
#
.###......................#
...[...................##.#
.........################.#
.........# #.## .........#
#######..# ....######
########.#.P..#.# ....#
#...##..#.......# ....#
#...g@####PP....# ....#
#)..### ##P...## #####
##### ######


You could see Crazy Yiuf.

Vanquished Creatures
  3 gnolls
  2 adders
  An ooze (D:1)
  2 dart slugs
  A leopard gecko (D:1)
  A ball python (D:2)
  6 giant cockroaches
  8 goblins
  2 jackals (D:1)
  A quokka (D:2)
  6 bats
  5 frilled lizards
  5 kobolds
  6 rats
49 creatures vanquished.

Notes
Turn   | Place    | Note
-------+----------+-------------------------------------------
     0 | D:1      | namelastname112 the Merfolk Ice Elementalist began the quest for the Orb.
     0 | D:1      | Reached XP level 1. HP: 13/13 MP: 3/3
   240 | D:1      | Reached XP level 2. HP: 16/19 MP: 0/5
   488 | D:1      | Reached XP level 3. HP: 24/24 MP: 4/6
   551 | D:1      | Reached skill level 4 in Ice Magic
  1073 | D:1      | Reached XP level 4. HP: 21/30 MP: 0/8
  1338 | D:2      | Found a runed door.
  1640 | D:2      | Learned a level 4 spell: Summon Ice Beast
  1645 | D:2      | Learned a level 4 spell: Throw Icicle
  1645 | D:2      | Noticed Crazy Yiuf
  1653 | D:2      | Slain by Crazy Yiuf

Vault maps used:
D:1:      nzn_arrival_water_spiral
D:2:      uniq_crazy_yiuf_cottage

Skill      XL: |  1  2  3 |
---------------+----------+-----
Ice Magic      | 4 |  4.7
Spellcasting   | 3 |  3.4
Dodging        | |  2.6
Stealth        | |  2.1
Conjurations   | |  0.7

Action                   |  1- 3 |  4- 6 || total
-------------------------+-------+-------++-------
Melee: Dagger            |    37 |     5 ||    42
       Unarmed           |     4 |       ||     4
       Spear             |     6 |     5 ||    11
 Cast: Freeze            |    55 |    24 ||    79
  Use: Potion            |       |     1 ||     1
  Eat: Chunk             |     1 |     2 ||     3
Armor: Robe              |    17 |     3 ||    20
Dodge: Dodged            |    83 |    18 ||   101

Table legend:
 A = Spawn XP
 B = Non-spawn XP
 C = Spawn XP percentage of total XP
 D = Spawn monster count
 E = Non-spawn monster count
 F = Spawn count percentage of total count
 G = Total turns spent on level
                    A         B        C        D         E        F      G
               +---------+---------+-------+---------+---------+-------+---------
         Total |       0 |     150 |   0.0 |       0 |      49 |   0.0 |  1653
               +---------+---------+-------+---------+---------+-------+---------
           D:1 |       0 |      98 |   0.0 |       0 |      33 |   0.0 |  1152
           D:2 |       0 |      52 |   0.0 |       0 |      16 |   0.0 |   501
               +---------+---------+-------+---------+---------+-------+---------
